 Dungeon Crawl Stone Soup version 0.28-b1-25-g9875b3fc8c (webtiles) character file.

Game seed: 11225801059178901643

100 sanka the Magician (level 4, -6/24 HPs)
             Began as a Deep Elf Transmuter on Feb 8, 2022.
             Mangled by a gnoll (11 damage)
             ... on level 3 of the Dungeon.
             The game lasted 00:05:33 (5462 turns).

sanka the Magician (Deep Elf Transmuter)            Turns: 5462, Time: 00:05:34

Health: -6/24      AC:  3    Str:  7    XL:     4   Next: 46%
Magic:  13/13      EV: 12    Int: 20    God:
Gold:   198        SH:  0    Dex: 15    Spells: 12/13 levels left

rFire   . . .      SeeInvis .   b - +3 hunting sling (vorpal)
rCold   . . .      Faith    .   (no shield)
rNeg    . . .      Spirit   .   a - +0 robe
rPois   .          Reflect  .   (no helmet)
rElec   .          Harm     .   (no cloak)
rCorr   .          Rampage  .   d - +0 pair of gloves
Will    .....                   (no boots)
Stlth   +.........              (no amulet)
HPRegen 0.08/turn               (no ring)
MPRegen 0.13/turn               (no ring)

@: no status effects
A: no striking features
a: no special abilities


You were on level 3 of the Dungeon.
You visited 1 branch of the dungeon, and saw 4 of its levels.

You collected 198 gold pieces.

Inventory:

Hand Weapons
 b - a +3 vorpal hunting sling (weapon)
Missiles
 k - 16 stones (quivered ammo)
 q - a throwing net
Armour
 a - a +0 robe (worn)
 d - a +0 pair of gloves (worn)
Magical Staves
 e - a staff of conjuration
Wands
 p - a wand of digging (6)
Scrolls
 c - 2 scrolls of identify {unknown}
 h - a scroll of fear {unknown}
 i - a scroll of amnesia {unknown}
 l - 3 scrolls of teleportation {unknown}
 o - 3 scrolls of torment {unknown}
Potions
 f - 3 potions of heal wounds {unknown}
 g - a potion of curing {unknown}
 j - 2 potions of ambrosia {unknown}
 m - 3 potions of attraction {unknown}
 n - a potion of lignification {unknown}


   Skills:
 - Level 0.7 Fighting
 - Level 2.4 Dodging
 - Level 2.4 Unarmed Combat
 - Level 5.0 Spellcasting
 + Level 2.1 Conjurations
 - Level 2.1 Transmutations
 + Level 2.1 Evocations


You had 12 spell levels left.
You knew the following spells:

 Your Spells              Type           Power      Damage    Failure   Level
a - Beastly Appendage     Tmut           26%        N/A       4%          1

Your spell library contained the following spells:

 Spells                   Type           Power      Damage    Failure   Level
 Wereblood                Tmut           13%        N/A       7%          2
 Spider Form              Tmut/Pois      9%         N/A       22%         3
 Ice Form                 Ice/Tmut       9%         N/A       58%         4


Dungeon Overview and Level Annotations

Branches:
Dungeon (4/15)
 Temple: D:4-7

Altars:

Annotations:
D:2 exclusions: black bear and skeleton, Terence


Message History

You shoot a stone. The stone barely misses the gnoll.
The gnoll closely misses you.
Fire: 20 stones
Press: ? - help, Q - select action, (/) - cycle Shift-Dir - straight line, f/p - gnoll
Aim: a gnoll, wielding a +0 halberd (severely wounded, 65% to hit)
You shoot a stone. The gnoll shouts!
The stone hits the gnoll.
You kill the gnoll!
A gnoll comes into view. It is wielding a +0 flail.
Your Conjurations skill increases to level 2!
There is a stone staircase leading up here.
The gnoll barely misses you.
You climb upwards.
There is a stone staircase leading down here.
Unknown command.
You are too injured to fight recklessly!
Unknown command.
You see here 17 arrows.
There is a stone staircase leading up here.
You are too injured to fight recklessly!
Fire: 19 stones
Press: ? - help, Q - select action, (/) - cycle Shift-Dir - straight line, f - gnoll
Aim: a gnoll, wielding a +0 flail (65% to hit)
You shoot a stone. The stone barely misses the gnoll.
The gnoll hits you with a +0 flail.
Fire: 18 stones
Press: ? - help, Q - select action, (/) - cycle Shift-Dir - straight line, f/p - gnoll
Aim: a gnoll, wielding a +0 flail (65% to hit)
You shoot a stone. The stone hits the gnoll.
The gnoll is heavily wounded.
The gnoll hits you with a +0 flail.
* * * LOW HITPOINT WARNING * * *
Fire: 17 stones
Press: ? - help, Q - select action, (/) - cycle Shift-Dir - straight line, f/p - gnoll
Aim: a gnoll, wielding a +0 flail (heavily wounded, 65% to hit)
You shoot a stone. The stone hits the gnoll.
The gnoll is severely wounded.
The gnoll misses you. The gnoll hits you with a +0 flail!
You die...

#..## #....# #.+......'..# #.
##.## #....# #.#......##.# #.
#..# #....# #.###.....#.# #. ##.#
#....# #.# #.###.#.#####.
###.###....#####.###.#...........
......'..............(....>#####.
####.##.....##.#.###.#....## #.
.....######.##.#g###.#....# #.
......# #.##..@..#.#....# #.
......# #.##.#.#.#.#....# #.
......# #.##.#...#.#....# #.
......#####.##.#.###......# #.
..#............#.#######'## ##
#.#.##.####.####.........#
#.#.##..# #.# ###########
#.#.###.###.#####.# #.#.#
#...........###


You could see a gnoll.

Vanquished Creatures
  3 adders
  A gnoll (D:4)
  A dart slug (D:3)
  3 orcs (D:4)
  8 ball pythons
  4 bats
  4 endoplasms
  3 giant cockroaches (D:1)
  3 goblins
  5 hobgoblins
  4 quokkas
  2 frilled lizards
  7 kobolds
  6 rats
54 creatures vanquished.

Notes
Turn   | Place    | Note
-------+----------+-------------------------------------------
     0 | D:1      | sanka the Deep Elf Transmuter began the quest for the Orb.
     0 | D:1      | Reached XP level 1. HP: 11/11 MP: 6/6
   425 | D:1      | Reached skill level 4 in Spellcasting
   425 | D:1      | Reached XP level 2. HP: 14/16 MP: 7/9
  1204 | D:1      | Reached XP level 3. HP: 14/20 MP: 9/11
  1926 | D:2      | Reached skill level 5 in Spellcasting
  2048 | D:2      | Noticed Terence
  2168 | D:2      | Noticed a black bear
  2390 | D:2      | Reached skill level 1 in Conjurations
  2715 | D:2      | Reached skill level 1 in Evocations
  4075 | D:3      | Found a faded altar of an unknown god.
  4679 | D:4      | Reached XP level 4. HP: 18/24 MP: 13/13
  5462 | D:3      | Mangled by a gnoll

Illustrated notes

Levels and vault maps discovered:
D:1:      lightli_arrival_noodles, layout_loops_ring, minmay_misc_feat_hallway,
          chequers_serial_rivers_small_a, grunt_decor_cap
D:2:      layout_basic, serial_bayou_lake_a, uniq_terence
D:3:      layout_basic, shapermc_ecumenical_altar_notcrosses
D:4:      layout_rooms, serial_shops, shop, ebering_ghost_reflecting_pool

Skill      XL: |  1  2  3  4 |
---------------+-------------+-----
Spellcasting   | 4 5 |  5.0
Conjurations   | 1 2 |  2.1
Evocations     | 1 2 |  2.1
Fighting       | |  0.7
Dodging        | |  2.4
Unarmed Combat | |  2.4
Transmutations | |  2.1

Action                   |  1- 3 |  4- 6 || total
-------------------------+-------+-------++-------
Melee: Unarmed           |   135 |     7 ||   142
       Headbutt          |    27 |     1 ||    28
       Kick              |    31 |     1 ||    32
       Punch             |     2 |       ||     2
 Fire: Hunting sling     |       |    29 ||    29
 Cast: Beastly Appendage |    35 |     2 ||    37
 Stab: Sleeping          |     4 |       ||     4
Armor: Robe              |    22 |     2 ||    24
Dodge: Dodged            |    74 |    10 ||    84
